[ AOE2 MATCH · #506209688 ]
UnrankedSpanish vs Mongols
Player's team · WIN
Rival team · LOSS
[ REPLAY ANALYSIS · EXTRACTED FROM THE RECORDED GAME ]
Feudal
8:52
Castle
—
Imperial
—
| APM avg | 84.3 |
| APM peak | 117 |
| eAPM avg | 33.2 |
| Villagers / military | 40 / 0 |
Focus
⚔️ 40.2% · 🌾 59.8%
Feudal
—
Castle
—
Imperial
—
| APM avg | 70.6 |
| APM peak | 98 |
| eAPM avg | 23.0 |
| Villagers / military | 24 / 0 |
Focus
⚔️ 18.1% · 🌾 81.9%
Match map
Initial resources + every placement click. Lines = walls · curves = elevation contours. ◆ gold · ⬟ stone · ● berries · ✦ relic · ◌ wall gap
Your base· Open — unwalled flank
Guthrie_Govan's base· Open — unwalled flank
Smoothed initial terrain · ◌ = detected wall gap · hover for details
Inputs per minute
— ATILA200 - - Guthrie_Govan
Build order — ATILA200
61 actions detected in the replay
| 0:00 | Queue | Villager (Male) |
| 0:00 | Queue | Villager (Male) |
| 0:00 | Queue | Villager (Male) |
| 0:02 | Build | House |
| 0:02 | Build | House |
| 0:28 | Queue | Villager (Male) |
| 0:28 | Queue | Villager (Male) |
| 1:41 | Queue | Villager (Male) |
| 1:42 | Queue | Villager (Male) |
| 2:00 | Queue | Villager (Male) |
| 2:00 | Queue | Villager (Male) |
| 2:14 | Build | Lumber Camp |
| 2:18 | Queue | Villager (Male) |
| 2:42 | Queue | Villager (Male) |
| 2:42 | Queue | Villager (Male) |
| 3:00 | Queue | Villager (Male) |
| 3:00 | Queue | Villager (Male) |
| 3:25 | Queue | Villager (Male) |
| 3:25 | Queue | Villager (Male) |
| 3:51 | Build | House |
| 4:01 | Queue | Villager (Male) |
| 4:01 | Queue | Villager (Male) |
| 4:15 | Queue | Villager (Male) |
| 4:16 | Queue | Villager (Male) |
| 4:18 | Build | Mill |
| 4:36 | Queue | Villager (Male) |
| 4:37 | Queue | Villager (Male) |
| 4:42 | Queue | Villager (Male) |
| 4:42 | Queue | Villager (Male) |
| 4:42 | Queue | Villager (Male) |
| 5:51 | Queue | Villager (Male) |
| 5:54 | Research | Loom |
| 6:40 | Research | Feudal Age |
| 7:04 | Build | Palisade Wall |
| 7:05 | Build | Palisade Wall |
| 7:20 | Build | Palisade Wall |
| 7:25 | Build | Palisade Wall |
| 7:28 | Queue | Villager (Male) |
| 7:28 | Queue | Villager (Male) |
| 7:43 | Build | Lumber Camp |
| 8:52 | Age | Feudal Age |
| 8:57 | Queue | Villager (Male) |
| 8:58 | Queue | Villager (Male) |
| 8:58 | Queue | Villager (Male) |
| 8:58 | Queue | Villager (Male) |
| 9:20 | Build | House |
| 9:25 | Research | Town Watch |
| 9:28 | Build | House |
| 9:30 | Build | Palisade Wall |
| 9:32 | Build | Palisade Wall |
| 9:33 | Build | Palisade Wall |
| 9:51 | Queue | Villager (Male) |
| 9:52 | Queue | Villager (Male) |
| 9:58 | Build | Palisade Wall |
| 9:59 | Build | Palisade Wall |
| 10:13 | Queue | Villager (Male) |
| 11:42 | Queue | Villager (Male) |
| 11:43 | Queue | Villager (Male) |
| 11:43 | Queue | Villager (Male) |
| 13:10 | Queue | Villager (Male) |
| 13:10 | Queue | Villager (Male) |
Build order — Guthrie_Govan
43 actions detected in the replay
| 0:00 | Queue | Villager (Male) |
| 0:00 | Queue | Villager (Male) |
| 0:01 | Queue | Villager (Male) |
| 0:01 | Queue | Villager (Male) |
| 0:02 | Build | House |
| 0:04 | Build | House |
| 1:24 | Queue | Villager (Male) |
| 2:12 | Queue | Villager (Male) |
| 2:18 | Queue | Villager (Male) |
| 2:28 | Build | Lumber Camp |
| 2:32 | Queue | Villager (Male) |
| 2:34 | Queue | Villager (Male) |
| 2:49 | Build | Lumber Camp |
| 3:10 | Queue | Villager (Male) |
| 3:13 | Queue | Villager (Male) |
| 3:50 | Build | House |
| 3:53 | Build | House |
| 4:38 | Queue | Villager (Male) |
| 5:02 | Queue | Villager (Male) |
| 5:11 | Build | Mill |
| 5:35 | Queue | Villager (Male) |
| 5:39 | Research | Loom |
| 5:39 | Research | Loom |
| 6:17 | Queue | Villager (Male) |
| 6:37 | Queue | Villager (Male) |
| 7:20 | Build | Town Center |
| 7:25 | Build | Town Center |
| 7:35 | Build | Palisade Wall |
| 8:28 | Queue | Villager (Male) |
| 8:29 | Queue | Villager (Male) |
| 8:29 | Queue | Villager (Male) |
| 8:29 | Queue | Villager (Male) |
| 8:58 | Queue | Villager (Male) |
| 10:14 | Queue | Villager (Male) |
| 10:30 | Build | Palisade Wall |
| 10:31 | Build | Palisade Wall |
| 10:33 | Build | Palisade Wall |
| 10:50 | Build | Palisade Wall |
| 11:04 | Build | Palisade Wall |
| 11:05 | Build | Palisade Wall |
| 11:06 | Build | Palisade Wall |
| 12:44 | Queue | Villager (Male) |
| 12:44 | Queue | Villager (Male) |
Match timeline
| 7:04 | ATILA200 · wall_segment Palisade Wall x1 |
| 7:05 | ATILA200 · wall_segment Palisade Wall x1 |
| 7:20 | ATILA200 · wall_segment Palisade Wall x2 |
| 7:25 | ATILA200 · wall_segment Palisade Wall x1 |
| 7:35 | Guthrie_Govan · wall_segment Palisade Wall x1 |
| 8:52 | ATILA200 · age_up feudal |
| 9:30 | ATILA200 · wall_segment Palisade Wall x1 |
| 9:32 | ATILA200 · wall_segment Palisade Wall x1 |
| 9:33 | ATILA200 · wall_segment Palisade Wall x1 |
| 9:58 | ATILA200 · wall_segment Palisade Wall x1 |
| 9:59 | ATILA200 · wall_segment Palisade Wall x1 |
| 10:30 | Guthrie_Govan · wall_segment Palisade Wall x1 |
| 10:31 | Guthrie_Govan · wall_segment Palisade Wall x1 |
| 10:33 | Guthrie_Govan · wall_segment Palisade Wall x1 |
| 10:50 | Guthrie_Govan · wall_segment Palisade Wall x1 |
| 11:04 | Guthrie_Govan · wall_segment Palisade Wall x1 |
| 11:05 | Guthrie_Govan · wall_segment Palisade Wall x1 |
| 11:06 | Guthrie_Govan · wall_segment Palisade Wall x1 |
| 13:36 | Guthrie_Govan · resign |
[ AI ANALYSIS · 1 CREDIT ]
What really happened in this match?
Wolo.gg analyzes every decision: build order, eco, micro, common mistakes by bracket. Personalized analysis on WhatsApp or Discord in 30 seconds.
Civ guide
Spanish
Perfil
Jugador #18310130